 Dungeon Crawl Stone Soup version 0.30-b1-2-g02819fbbbe (webtiles) character file.

Game seed: 6430139548683039031

447024 Termiter the Thanatomancer (level 23, -20/206 HPs)
             Began as a Demonspawn Necromancer on Sept 1, 2023.
             Was the Champion of Nemelex Xobeh.
             Killed from afar by Vv (40 damage)
             ... on level 2 of the Depths on Sept 2, 2023.
             The game lasted 02:51:04 (50255 turns).

Termiter the Thanatomancer (DsNe)                  Turns: 50255, Time: 02:51:06

Health: -20/206    AC: 33    Str: 13    XL:     23   Next: 12%
Magic:  35/45      EV: 14    Int: 27    God:    Nemelex Xobeh [******]
Gold:   2918       SH: 24    Dex: 22    Spells: 10/40 levels left

rFire   + . .        f - +8 mithril axe "Arga" {speed, Will+}
rCold   + + .        s - +5 kite shield {reflect}
rNeg    + . .        e - +8 ice dragon scales
rPois   +            F - +3 crown of Dyrovepreva {rElec Int+2 SInv}
rElec   +            V - +1 cloak of Daffodils {rElec rF++}
rCorr   +            (gloves unavailable)
SInv    +            J - +0 pair of boots "Gironom" {rN+ Int+4}
Will    ++...        c - amulet "Ytzi" {RegenMP +Blink Regen+ Int-5 Dex+3}
Stlth   ++++         H - ring "Foem" {rPois rCorr Str+4 Dex+2}
HPRegen 1.34/turn    Y - ring of magical power
MPRegen 0.69/turn

%: reflection
@: animating dead, studying 3 skills
A: claws 3, thin metallic scales 3, ignite blood 3, robust 2, spiny 3, large
bone plates 1, clever 1, MP-powered wands
}: 2/15 runes: decaying, gossamer
a: Renounce Religion, Evoke Blink, Draw Escape, Draw Destruction, Draw
Summoning, Triple Draw, Deal Four, Stack Five


You were on level 2 of the Depths.
You worshipped Nemelex Xobeh.
Nemelex Xobeh was exalted by your worship.
You visited 10 branches of the dungeon, and saw 43 of its levels.
You also visited: Gauntlet and Ice Cave.

You collected 5317 gold pieces.
You spent 2399 gold pieces at shops.

Inventory:

Hand Weapons
 f - the +8 mithril axe "Arga" (weapon) {speed, Will+}
   (You found it on level 1 of the Lair of Beasts)

   Will:      It increases your willpower.
 z - the +7 broad axe of Gallantry {vamp, Drain +Blink Dex+2}
   (You found it on level 13 of the Dungeon)

   Dex:       It affects your dexterity (+2).
   +Blink:    It lets you blink.
   Drain:     It drains your maximum health when unequipped.
Missiles
 X - 10 curare-tipped darts (quivered)
Armour
 e - +8 ice dragon scales (worn)
 l - a +3 buckler of cold resistance
 s - a +5 kite shield of reflection (worn)
 F - the +3 crown of Dyrovepreva (worn) {rElec Int+2 SInv}
   (You found it on level 5 of the Lair of Beasts)

   Int:       It affects your intelligence (+2).
   rElec:     It insulates you from electricity.
   SInv:      It lets you see invisible.
 J - the +0 pair of boots "Gironom" (worn) {rN+ Int+4}
   (You found it in a Gauntlet)

   Int:       It affects your intelligence (+4).
   rN:        It protects you from negative energy.
 P - quicksilver dragon scales
 V - the +1 cloak of Daffodils (worn) {rElec rF++}
   (You found it on level 2 of the Spider Nest)

   rF:        It greatly protects you from fire.
   rElec:     It insulates you from electricity.
Magical Staves
 M - the staff of death "Hoceur" {rN+ Int+3}
   (You found it on level 3 of the Elven Halls)

   [staff of death]

   Base accuracy: +5 Base damage: 5 Base attack delay: 1.2 This weapon's minimum
   attack delay (0.6) is reached at skill level 12.
   Int:       It affects your intelligence (+3).
   rN:        It protects you from negative energy.
   It falls into the 'Staves' category.
   It is a one-handed weapon.
Jewellery
 c - the amulet "Ytzi" (around neck) {RegenMP +Blink Regen+ Int-5 Dex+3}
   (You bought it in a shop on level 7 of the Dungeon)

   [amulet of magic regeneration]

   It increases your rate of magic regeneration.
   Int:       It affects your intelligence (-5).
   Dex:       It affects your dexterity (+3).
   +Blink:    It lets you blink.
   Regen:     It increases your rate of health regeneration.
 d - the ring "Gisuc" {Fly rN+}
   (You found it on level 4 of the Swamp)

   [ring of flight]

   rN:        It protects you from negative energy.
   Fly:       It grants you flight.
 D - the amulet of Discretion {Reflect +Inv Dex-3 SH+5 SInv}
   (You found it on level 3 of the Crypt)

   [amulet of reflection]

   It reflects blocked missile attacks.
   Dex:       It affects your dexterity (-3).
   SInv:      It lets you see invisible.
   +Inv:      It lets you turn invisible.
   SH:        It affects your SH (+5).
 H - the ring "Foem" (left claw) {rPois rCorr Str+4 Dex+2}
   (You found it on level 1 of the Swamp)

   [ring of resist corrosion]

   Str:       It affects your strength (+4).
   Dex:       It affects your dexterity (+2).
   rPois:     It protects you from poison.
   rCorr:     It protects you from acid and corrosion.
 Y - a ring of magical power (right claw)
Wands
 i - a wand of light (31)
 v - a wand of roots (56)
 A - a wand of flame (76)
 B - a wand of mindburst (35)
 G - a wand of charming (62)
 W - a wand of digging (43)
Scrolls
 a - 4 scrolls of silence
 b - 3 scrolls of summoning
 h - 2 scrolls of brand weapon
 j - 7 scrolls of magic mapping
 t - 15 scrolls of teleportation
 w - 5 scrolls of fear
 y - 2 scrolls of blinking
 C - 4 scrolls of fog
Potions
 g - 12 potions of curing
 k - 4 potions of resistance
 m - 3 potions of berserk rage
 o - 8 potions of haste
 p - 8 potions of might
 q - 5 potions of invisibility
 r - 9 potions of magic
 u - 4 potions of heal wounds
 E - 4 potions of cancellation
 K - 7 potions of ambrosia
 N - 4 potions of flight
Miscellaneous
 L - a condenser vane
 T - a phantom mirror
 U - a lightning rod (4/4)


   Skills:
 + Level 12.2 Fighting
 + Level 6.9 Short Blades
 + Level 16.6 Axes
 + Level 4.5 Staves
 + Level 5.0 Throwing
 * Level 13.4 Armour
 + Level 10.9 Dodging
 - Level 14.3 Stealth
 * Level 14.3 Shields
 - Level 9.1 Spellcasting
 - Level 8.0 Hexes
 * Level 21.9 Necromancy
 - Level 6.0 Earth Magic
 + Level 10.6 Invocations
 + Level 5.7 Evocations


You had 10 spell levels left.
You knew the following spells:

 Your Spells              Type           Power      Damage    Failure   Level
a - Necrotise             Necr           100%       1d9       0%          1
b - Vampiric Draining     Necr           92%        2d12      0%          3
c - Animate Dead          Necr           92%        N/A       1%          4
d - Anguish               Hex/Necr       37%        N/A       1%          4
e - Confusing Touch       Hex            53%        N/A       4%          3
f - Dispel Undead         Necr           92%        3d29      1%          4
g - Death Channel         Necr           46%        N/A       1%          6
h - Borgnjor's Vile Clut  Necr/Erth      36%        N/A       3%          5

Your spell library contained the following spells:

 Spells                   Type           Power      Damage    Failure   Level
 Sublimation of Blood     Necr           92%        N/A       0%          2
 Kiss of Death            Conj/Necr      100%       2d13      1%          1
 Slow                     Hex            100%       N/A       1%          1
 Agony                    Necr           92%        N/A       1%          5
 Cigotuvi's Dreadful Rot  Necr/Pois/Air  100%       N/A       2%          2
 Ensorcelled Hibernation  Hex/Ice        66%        N/A       11%         2
 Leda's Liquefaction      Hex/Erth       25%        N/A       21%         4
 Portal Projectile        Hex/Tloc       66%        N/A       22%         3
 Summon Guardian Golem    Hex/Summ       33%        N/A       22%         3
 Stone Arrow              Conj/Erth      56%        3d10      32%         3
 Beastly Appendage        Tmut           24%        N/A       36%         1
 Foxfire                  Conj/Fire      48%        2x1d6     36%         1
 Freeze                   Ice            48%        1d6       36%         1
 Magic Dart               Conj           48%        1d5       36%         1
 Shock                    Conj/Air       48%        1d6       36%         1
 Summon Small Mammal      Summ           48%        N/A       36%         1
 Call Imp                 Summ           24%        N/A       50%         2
 Lesser Beckoning         Tloc           24%        N/A       50%         2
 Momentum Strike          Conj/Tloc      24%        3d8       50%         2
 Searing Ray              Conj           24%        2d5       50%         2
 Static Discharge         Conj/Air       24%        2-3/arc   50%         2
 Wereblood                Tmut           12%        N/A       50%         2
 Simulacrum               Ice/Necr       32%        N/A       52%         6
 Fulminant Prism          Conj/Hex       16%        3d10      56%         4
 Petrify                  Tmut/Erth      28%        N/A       71%         4
 Call Canine Familiar     Summ           12%        N/A       73%         3
 Frozen Ramparts          Ice            24%        1d4       73%         3
 Gell's Gravitas          Tloc           12%        N/A       73%         3
 Hailstorm                Conj/Ice       12%        3d5       73%         3
 Ignite Poison            Fire/Tmut/Pois 12%        N/A       73%         3
 Mephitic Cloud           Conj/Pois/Air  12%        N/A       73%         3
 Ozocubu's Armour         Ice            12%        N/A       73%         3
 Spider Form              Tmut/Pois      12%        N/A       73%         3
 Swiftness                Air            12%        N/A       73%         3
 Teleport Other           Tloc           12%        N/A       73%         3
 Volatile Blastmotes      Fire/Tloc      24%        2d12      73%         3
 Metabolic Englaciation   Hex/Ice        16%        N/A       89%         5
 Silence                  Hex/Air        16%        N/A       89%         5
 Airstrike                Air            6%         2d(1-17)  98%         4
 Ice Form                 Ice/Tmut       12%        N/A       98%         4
 Manifold Assault         Tloc           12%        N/A       98%         4
 Passage of Golubria      Tloc           12%        N/A       98%         4
 Summon Ice Beast         Ice/Summ       12%        N/A       98%         4
 Summon Lightning Spire   Summ/Air       12%        N/A       98%         4
 Haunt                    Necr/Summ      32%        N/A       98%         7
 Alistair's Intoxication  Tmut/Pois      8%         N/A       100%        5
 Fireball                 Conj/Fire      6%         3d5       100%        5
 Freezing Cloud           Conj/Ice/Air   6%         6-21      100%        5
 Iskenderun's Battlesphe  Conj           12%        2d7       100%        5
 Conjure Ball Lightning   Conj/Air       6%         3x3d6     100%        6
 Dispersal                Tloc           6%         N/A       100%        6
 Eringya's Noxious Bog    Tmut/Pois      6%         N/A       100%        6
 Iron Shot                Conj/Erth      14%        9d4       100%        6
 Plasma Beam              Fire/Air       6%         2x1d18    100%        6
 Starburst                Conj/Fire      6%         6d4       100%        6
 Statue Form              Tmut/Erth      18%        N/A       100%        6
 Enfeeble                 Hex            26%        N/A       100%        7
 Malign Gateway           Summ/Tloc      6%         N/A       100%        7
 Orb of Destruction       Conj           6%         9d6       100%        7
 Spellforged Servitor     Conj/Summ      6%         N/A       100%        7
 Storm Form               Tmut/Air       6%         N/A       100%        7
 Summon Hydra             Summ           6%         N/A       100%        7
 Discord                  Hex            26%        N/A       100%        8
 Disjunction              Tloc           6%         N/A       100%        8
 Lehudib's Crystal Spear  Conj/Erth      14%        10d5      100%        8
 Maxwell's Capacitive Co  Air            6%         ∞         100%        8
 Summon Horrible Things   Summ           6%         N/A       100%        8
 Chain Lightning          Conj/Air       6%         3d8       100%        9
 Polar Vortex             Ice            6%         N/A       100%        9


Dungeon Overview and Level Annotations

Branches:
Dungeon (15/15)            Temple (1/1) D:6            Lair (5/5) D:11
  Swamp (4/4) Lair:2       Spider (4/4) Lair:3        Slime (0/5) Lair:5
    Orc (2/2) D:10            Elf (3/3) Orc:2        Vaults (4/5) D:13
  Crypt (3/3) Vaults:2       Tomb (0/3) Crypt:3      Depths (2/4) D:15
  IceCv (visited)         Gauntlet (visited)

Altars:
Ashenzari
Cheibriados
Dithmenos
Fedhas
Gozag
Hepliaklqana
Kikubaaqudgha
Makhleb
Nemelex Xobeh
Okawaru
Ru
Sif Muna
Trog
Uskayaw
Vehumet
Wu Jian
Yredelemnul
Jiyva

Shops:
D:5 **   D:7 =   D:9 :   D:12 (   Orc:2 *=(?   Vaults:1 ?

Portals:
Hell: Depths:1
Trove: D:12 (give +3 fire dragon scales)

Annotations:
D:15 1 runed translucent door
Depths:1 1 runed translucent door
Depths:2 Vv


Innate Abilities, Weirdness & Mutations

You have claws for hands.
You are completely covered in thin metallic scales. (AC +4, rElec)
Your demonic aura causes all spilled blood to erupt in flames.
You are very robust. (+20% HP)
You are completely covered in sharp spines.
You are partially covered in large bone plates. (SH +4)
Your mind is acute. (Int +4, Str/Dex -1)
You expend magic power (3 MP) to strengthen your wands.


Message History

Zombie hands grab Vv.
The zombie hands constrict Vv, but do no damage.
Vv hits you but does no damage. You block Vv's attack.
Casting: Borgnjor's Vile Clutch (mildly dangerous; 3% risk of failure)
Confirm with . or Enter, or press ? or * to list all spells.
Casting: Anguish (mildly dangerous; 1% risk of failure)
Press: ? - help, Dir - look around, f - activate The sun demon resists with almost no effort.
Vv resists with almost no effort.
The zombie hands constrict Vv!
Your fire dragon zombie bites Vv.
Your fire dragon zombie claws Vv but does no damage.
Your fire dragon zombie tramples Vv but does no damage.
Vv hits your fire dragon zombie but does no damage.
Vv hits your fire dragon zombie!
Your fire dragon zombie is destroyed!
You are too injured to fight recklessly!
Unknown command.
You are too injured to fight recklessly!
You hit Vv but do no damage.
Vv is severely damaged.
You hit the sun demon.
The zombie hands constrict Vv.
Vv is struck by your spines. Vv hits you. Vv freezes you! You resist.
You block Vv's attack.
Unknown command.
As you read the scroll of fear, it crumbles to dust.
You assume a fearsome visage.
The sun demon looks frightened!
Vv is unaffected.
The zombie hands constrict Vv.
Vv hits you! Vv freezes you! You resist.
* * * LOW HITPOINT WARNING * * *
Vv hits you!
* * * LOW HITPOINT WARNING * * *
You are engulfed in flames!!
You resist.
* * * LOW HITPOINT WARNING * * *
Blink to where?
Press: ? - help, Dir - move target
As you read the scroll of blinking, it crumbles to dust.
The zombie hands constrict Vv!
Vv is engulfed in blazing flames.
Vv rends the earth beneath you! The blast of magma engulfs you!!!
You partially resist.
You die...
Your body glows slightly and disappears.

#.# #.. ####.#####..
..#≈≈≈####.# #.......##..
...#≈≈≈####.# #)# #.#..
...#≈≈C####.### # ##'###.###
...########.'. ###.##...##.###
............# ......'.[.).)..÷
............########.##..:##.###
.../.....☼..'..@.<.# ##'###.#
........°...#####.##.###.###.#
...†...[9...# #.# #..)....##
......3)....#####.# ####Z#####
............'...#.####.#Z###.###
§......(....###........#.#Z.....
............# #.#.######.Z.#.###
............# #.#†# #####.#
'############ #.#)# #.#


You could see Vv (clutched).

Vanquished Creatures
  An ancient lich (Vaults:3)
  Boris (twice) (Crypt:3 Depths:1)
  Bai Suzhen (Swamp:3)
  3 caustic shrikes (Depths:2)
  Saint Roka (Crypt:3)
  Frederick (Crypt:3)
  A golden dragon (Depths:2)
  A tentacled monstrosity (Swamp:4)
  3 deep elf blademasters
  5 liches (Crypt:3)
  A quicksilver dragon (Depths:1)
  A deep elf master archer (Elf:3)
  3 sphinxes
  5 ancient champions
  Gastronok (D:9)
  3 storm dragons
  6 revenants
  A shadow dragon (Vaults:2)
  The ghost of Lyniq the Alchemist, a journeyman DrTm of Wu Jian (D:15)
  2 fenstrider witches
  Donald (Spider:1)
  4 emperor scorpions
  3 deep elf sorcerers
  7 vault wardens
  3 fire giants
  An iron dragon (Depths:1)
  3 frost giants (Depths:2)
  A juggernaut zombie (Crypt:2)
  5 curse skulls (Crypt:3)
  3 ghost moths
  A broodmother (Spider:4)
  10 ironbound preservers
  11 ghouls
  7 deep elf elementalists
  9 ironbound thunderhulks
  4 stone giants
  3 war gargoyles
  The ghost of Zafagom the Warrior, a journeyman MiBe of Trog (D:13)
  9 very ugly things
  3 deep elf demonologists
  2 vampire knights
  3 eleionomae
  3 deep elf annihilators (Elf:3)
  3 dire elephants
  4 spark wasps
  A minotaur (Lair:5)
  4 deep elf death magi
  5 eidola
  4 bunyips
  6 ettins
  Snorg (D:14)
  A mummy priest (Crypt:3)
  11 yaktaur captains
  5 great orbs of eyes
  A crystal guardian (Vaults:1)
  4 fire dragons
  5 jiangshi
  4 deep elf high priests (Elf:3)
  3 entropy weavers
  8 vault guards
  12 hydras
  3 death knights (Crypt:2)
  2 spriggan air magi
  2 ice dragons (Depths:2)
  4 peacekeepers
  A spriggan skeleton (Crypt:3)
  2 boulder beetles
  21 centaur warriors
  A ghost crab (Swamp:3)
  A radroach (Spider:4)
  2 catoblepae
  6 ironbound frosthearts
  24 dancing weapons
  A death yak (Lair:5)
  A two-headed ogre (D:9)
  3 deep troll earth magi (Depths:1)
  3 deep troll shamans (Depths:1)
  6 orc high priests
  8 alligators
  A titan zombie (Crypt:1)
  2 vampire magi
  A tengu warrior (D:14)
  A spriggan berserker (Depths:2)
  A shock serpent (Depths:1)
  A storm dragon zombie (Crypt:1)
  Sonja (Orc:2)
  Urug (Orc:2)
  14 deep elf knights
  A titan skeleton (Crypt:2)
  15 hell knights
  4 pharaoh ants
  4 shadow wraiths
  24 skeletal warriors
  2 skysharks
  An iron troll (Depths:1)
  3 glowing orange brains
  5 swamp dragons
  3 orb spiders
  A spectral anaconda (Lair:5)
  37 deep trolls
  4 goliath frogs
  8 bog bodies
  A spriggan druid (Swamp:3)
  6 flayed ghosts
  3 steelbarb worms
  11 ironbound convokers
  13 lindwurms
  13 deep elf archers
  4 wizards
  7 phantasmal warriors
  11 necromancers
  3 orc knights (Orc:2)
  A goliath frog zombie (Depths:1)
  24 deep elf zephyrmancers
  39 deep elf pyromancers
  3 ugly thing zombies
  A frost giant zombie (Depths:2)
  4 orc sorcerers
  A fire giant zombie (Vaults:4)
  A mana viper (shapeshifter) (D:15)
  A salamander (shapeshifter) (Elf:3)
  5 wolf spiders
  A goliath frog skeleton (Crypt:1)
  A shining eye (Spider:4)
  A sphinx skeleton (Crypt:3)
  2 will-o-the-wisps (Swamp:3)
  35 ugly things
  3 cyclopes
  A manticore (D:13)
  A frost giant skeleton (Crypt:1)
  7 elephants
  A fire giant skeleton (Crypt:2)
  A black mamba (shapeshifter) (Elf:2)
  7 moths of wrath
  A shock serpent zombie (Depths:1)
  2 black mambas
  An ice statue (IceCv)
  12 demonic crawlers
  21 vault sentinels
  2 rust devils
  A gargoyle (D:12)
  3 torpor snails
  3 yaktaur zombies (Vaults:3)
  A naga skeleton (Crypt:3)
  6 cane toads
  An unseen horror (shapeshifter) (D:15)
  A pale draconian zombie (Crypt:1)
  3 orange demons (IceCv)
  5 komodo dragons
  An unseen horror (D:8)
  A steelbarb worm zombie (Crypt:1)
  2 rime drakes
  4 efreet
  9 freezing wraiths
  A redback zombie (Spider:3)
  12 yaktaurs
  3 tengu conjurers
  8 ice devils (IceCv)
  5 guardian mummies (Crypt:3)
  A red devil (IceCv)
  6 swamp worm zombies (Crypt:3)
  A death yak skeleton (Crypt:2)
  A merfolk (Swamp:4)
  A hydra zombie (Lair:2)
  10 trolls
  A hellwing (IceCv)
  11 meliai
  7 tyrant leeches
  Prince Ribbit (D:5)
  A queen bee (Spider:4)
  6 hornets
  A moth of wrath zombie (Spider:4)
  3 polar bears
  A raiju (Spider:4)
  An ettin zombie (Depths:1)
  17 tarantellas
  A culicivora zombie (Spider:4)
  2 fire dragon zombies
  A meliai zombie (D:14)
  A satyr zombie (Crypt:2)
  2 dream sheep (Lair:4)
  9 blink frogs
  An alligator zombie (Swamp:2)
  A flying skull (Crypt:3)
  A jumping spider (shapeshifter) (Depths:2)
  2 slime creature zombies (Vaults:4)
  27 slime creatures
  2 air elementals
  A black mamba zombie (Lair:1)
  8 culicivoras
  4 spriggans
  17 jumping spiders
  4 shadows
  3 dire elephant simulacra
  A culicivora (shapeshifter) (D:15)
  A wyvern (Lair:3)
  12 wraiths
  A centaur simulacrum (D:15)
  2 vampires (D:15)
  19 humans (D:13)
  3 water elementals
  A large abomination (Gauntlet)
  22 yaks
  4 fire elementals
  5 vampire mosquitoes
  36 redbacks
  2 small abominations (Gauntlet)
  4 basilisks
  4 death yak simulacra
  11 deep troll zombies
  A warg (Orc:2)
  A spectral cane toad (Lair:5)
  3 harpy simulacra (IceCv)
  15 water moccasins
  3 hell hounds
  A floating eye (Swamp:4)
  6 swamp worms
  A hydra simulacrum (IceCv)
  A water moccasin (shapeshifter) (Swamp:4)
  3 acid dragons
  28 orc warriors
  3 swamp drakes
  4 ice beasts
  A demonspawn skeleton (Crypt:3)
  A water nymph skeleton (Crypt:3)
  5 sky beasts
  2 black bears
  A black bear (shapeshifter) (D:15)
  A lindwurm zombie (Vaults:2)
  A hornet zombie (Swamp:3)
  An ettin simulacrum (Vaults:3)
  12 elf zombies
  A torpor snail zombie (Crypt:2)
  15 ogres
  26 wolves
  An elephant skeleton (Lair:5)
  6 centaurs
  2 kobold brigands
  3 necrophages (Crypt:2)
  13 bullfrogs
  2 two-headed ogre simulacra (Orc:2)
  An earth elemental (Elf:1)
  3 scorpions
  2 water moccasin zombies
  5 cane toad simulacra
  A troll zombie (Orc:2)
  3 wights (D:8)
  A spriggan zombie (Swamp:3)
  2 yak zombies (D:11)
  5 elephant simulacra (IceCv)
  3 killer bees (D:8)
  6 howler monkeys
  A troll skeleton (Crypt:1)
  An electric eel (D:6)
  3 wolf zombies
  3 hounds
  7 centaur zombies
  15 human zombies
  14 orc priests
  A gnoll bouda (D:8)
  5 jellies
  2 boggart zombies
  4 sleepcaps
  2 iguanas
  27 orc wizards
  A hell rat (Spider:2)
  2 troll simulacra
  4 lightning spires (Depths:1)
  5 polar bear simulacra (IceCv)
  2 spriggan simulacra (IceCv)
  5 wolf simulacra (IceCv)
  An ogre zombie (Orc:1)
  A tengu skeleton (Crypt:1)
  3 gnolls (D:8)
  3 naga simulacra
  2 adders (D:3)
  A steam dragon skeleton (Crypt:3)
  4 white imps
  3 ufetubi
  13 orc zombies
  2 worms
  2 dart slugs
  77 orcs
  4 ball pythons
  6 bats
  4 endoplasms
  8 giant cockroaches
  4 hobgoblins
  7 jackals (D:3)
  14 kobolds
  6 quokkas
  4 frilled lizards
  10 goblins
  A goblin zombie (Crypt:3)
  A quokka zombie (Crypt:3)
  6 rats
  A briar patch (Swamp:4)
1543 creatures vanquished.

Vanquished Creatures (collateral kills)
  A juggernaut (Depths:2)
  A lich (D:15)
  The ghost of Nebesus the Fetichist, an adept AtFi of Cheibriados (Spider:2)
  A thorn hunter (Swamp:4)
  Roxanne (D:15)
  A frost giant (Depths:2)
  A fire giant (Vaults:4)
  Louise (Spider:2)
  An iron dragon (Depths:2)
  2 ghost moths
  An ironbound preserver (Vaults:3)
  2 ironbound thunderhulks
  3 eleionomae (Swamp:4)
  5 deep elf annihilators (Elf:3)
  2 bunyips
  3 spark wasps
  A deep elf death mage (Elf:3)
  The ghost of Cris the Cleaver, a journeyman AtFi of Hepliaklqana (D:11)
  2 shambling mangroves (Swamp:4)
  A deep elf high priest (Elf:3)
  3 great orbs of eyes (Vaults:2)
  6 hydras
  An ice dragon (Depths:2)
  The ghost of discopopstar the Reanimator, a journeyman DsIE of Sif Muna (Orc:1)
  2 centaur warriors
  3 jorogumos
  3 two-headed ogres
  A death knight (D:14)
  An anaconda (Swamp:4)
  2 ironbound frosthearts
  9 dancing weapons
  A radroach (Spider:4)
  3 boulder beetles
  2 alligators (Swamp:4)
  2 hell hogs (Spider:1)
  A death yak (Lair:5)
  3 hell knights
  A soul eater (Crypt:2)
  An iron troll (Depths:1)
  2 deep elf knights (Elf:2)
  A goliath frog (Swamp:3)
  A sun moth (Spider:1)
  A skyshark (Lair:4)
  A pharaoh ant (Spider:2)
  A skeletal warrior (Crypt:2)
  2 death drakes
  6 swamp dragons
  A spriggan druid (Swamp:4)
  A glowing orange brain (Depths:2)
  5 orb spiders
  A large abomination (Gauntlet)
  8 deep trolls
  4 bog bodies
  A deep elf archer (Elf:1)
  3 steelbarb worms
  2 lindwurms
  2 orc knights
  An obsidian statue (Lair:5)
  2 wolf spider zombies
  4 deep elf zephyrmancers
  3 orc sorcerers
  4 wolf spiders (Spider:4)
  4 ugly things
  2 moths of wrath
  7 elephants
  2 cane toads
  2 black mambas (Lair:3)
  10 demonic crawlers
  A vault sentinel (Vaults:1)
  3 torpor snails
  2 komodo dragons
  An efreet (Spider:1)
  An ice devil (Spider:1)
  A yaktaur (Spider:2)
  A guardian mummy (Crypt:3)
  4 tyrant leeches
  A red devil (Spider:2)
  5 hornets
  Grinder (D:6)
  A wind drake (shapeshifter) (D:11)
  7 tarantellas
  4 meliai
  10 blink frogs
  5 dream sheep (Lair:4)
  24 jumping spiders
  9 slime creatures
  A culicivora (shapeshifter) (D:11)
  A wraith (D:15)
  9 culicivoras
  A basilisk (D:10)
  3 spriggans
  9 yaks
  3 neqoxecs (D:11)
  A hog (shapeshifter) (D:11)
  18 redbacks
  A warg (Orc:1)
  A spectral cane toad (Lair:5)
  A steam dragon (Lair:2)
  2 death yak simulacra
  6 swamp worms
  A deep troll zombie (Vaults:2)
  An acid dragon (D:11)
  3 swamp drakes (Swamp:4)
  A sky beast (Depths:1)
  3 orc warriors
  6 wolves
  An ogre (D:6)
  A centaur (D:13)
  2 kobold brigands
  A bullfrog (Lair:2)
  3 wights
  4 small abominations (Gauntlet)
  An electric eel (Lair:2)
  A howler monkey (D:10)
  2 orc priests
  6 orc wizards
  A worm (Swamp:4)
  11 orcs
  5 butterflies
354 creatures vanquished.

Vanquished Creatures (others)
  2 caustic shrike zombies (Depths:2)
  A deep elf sorcerer (Elf:3)
  An ironbound thunderhulk (Vaults:1)
  An eleionoma (Swamp:3)
  2 deep elf annihilators (Elf:3)
  A very ugly thing zombie (Depths:1)
  A hydra (D:10)
  A centaur warrior (D:9)
  A demigod zombie (Crypt:3)
  A hell knight (Depths:2)
  A storm dragon zombie (Lair:5)
  An emperor scorpion zombie (Spider:1)
  A spark wasp zombie (Spider:4)
  A ghost moth zombie (Spider:4)
  A golden dragon zombie (Depths:2)
  A swamp dragon (Swamp:3)
  2 goliath frog zombies (Swamp:3)
  9 ugly thing zombies
  3 deep elf zephyrmancers (Elf:1)
  A frost giant zombie (Depths:2)
  2 wolf spider zombies (Spider:4)
  3 eleionoma zombies
  An elephant (Lair:2)
  3 swamp worm zombies
  A steelbarb worm zombie (Spider:1)
  2 orb spider zombies
  12 redback zombies
  A bloated husk (Swamp:2)
  4 demonic crawler zombies
  4 hydra zombies
  A hellwing (Spider:1)
  A sun moth zombie (Spider:1)
  16 jumping spider zombies
  2 alligator zombies
  5 culicivora zombies
  An ice dragon zombie (Depths:2)
  A boulder beetle zombie (D:15)
  3 moth of wrath zombies
  3 tarantella zombies
  A great orb of eyes zombie (Vaults:1)
  5 meliai zombies
  A fire dragon zombie (Depths:2)
  A black mamba zombie (Lair:3)
  2 slime creatures (D:15)
  A fire elemental (Elf:3)
  4 slime creature zombies
  A redback (Spider:4)
  A skyshark zombie (Lair:5)
  2 swamp worms
  4 deep troll zombies
  A cane toad zombie (Lair:5)
  7 swamp dragon zombies
  An elephant zombie (Spider:2)
  37 elf zombies
  2 blink frog zombies (Lair:5)
  2 hornet zombies
  4 dream sheep zombies (Lair:4)
  A lindwurm zombie (Vaults:2)
  A torpor snail zombie (Spider:4)
  2 centaurs (D:10)
  A rime drake zombie (Swamp:4)
  3 vampire mosquito zombies
  3 yaktaur zombies
  A salamander zombie (Elf:3)
  A water moccasin zombie (Swamp:4)
  A warg zombie (Orc:2)
  6 yak zombies
  A spriggan zombie (Swamp:3)
  2 tengu zombies (D:15)
  2 troll zombies
  10 wolf zombies
  8 centaur zombies
  2 bullfrog zombies
  36 human zombies
  A hell rat (Spider:2)
  2 orc wizards (Orc:2)
  An acid dragon zombie (D:13)
  An ice beast zombie (Spider:2)
  2 ogre zombies
  3 kobold zombies
  2 hell rat zombies (Spider:2)
  A howler monkey zombie (D:10)
  A swamp drake zombie (Swamp:4)
  34 orc zombies
  An orc (Elf:1)
  A gnoll zombie (D:8)
  2 briar patches (Swamp:4)
  14 demonic plants (Gauntlet)
  9 foxfires (Swamp:3)
  36 fungi
  47 plants
  5 toadstools (D:1)
  32 withered plants
452 creatures vanquished.

Grand Total: 2349 creatures vanquished

Notes
Turn   | Place    | Note
-------+----------+-------------------------------------------
     0 | D:1      | Termiter the Demonspawn Necromancer began the quest for the
                  | Orb.
     0 | D:1      | Reached XP level 1. HP: 13/13 MP: 3/3
   374 | D:1      | Gained mutation: You are partially covered in sharp spines.
                  | [demonic ancestry]
   374 | D:1      | Reached XP level 2. HP: 19/19 MP: 3/5
   402 | D:1      | Reached skill level 5 in Necromancy
  1096 | D:2      | Reached XP level 3. HP: 24/24 MP: 4/6
  1100 | D:2      | Learned a level 3 spell: Vampiric Draining
  2232 | D:3      | Gained mutation: Your demonic aura sometimes causes spilled
                  | blood to erupt in flames. [demonic ancestry]
  2232 | D:3      | Reached XP level 4. HP: 30/30 MP: 4/8
  2883 | D:4      | Learned a level 4 spell: Animate Dead
  2915 | D:4      | Gained mutation: You are mostly covered in sharp spines.
                  | [demonic ancestry]
  2915 | D:4      | Reached XP level 5. HP: 31/35 MP: 8/10
  2969 | D:4      | Reached skill level 6 in Necromancy
  3327 | D:4      | Gained mutation: You have sharp fingernails. [demonic
                  | ancestry]
  3327 | D:4      | Reached XP level 6. HP: 22/42 MP: 8/12
  3359 | D:4      | Got Xois's Directory of Damaging Sculpting
  3715 | D:5      | Entered Level 5 of the Dungeon
  3837 | D:5      | Found Cygumec's Overcharged Wands.
  4139 | D:5      | Noticed Prince Ribbit
  4150 | D:5      | Killed Prince Ribbit
  4151 | D:5      | Reached skill level 5 in Spellcasting
  4151 | D:5      | Reached skill level 7 in Necromancy
  4151 | D:5      | Gained mutation: You are completely covered in sharp
                  | spines. [demonic ancestry]
  4151 | D:5      | Reached XP level 7. HP: 25/47 MP: 5/15
  4268 | D:5      | Learned a level 4 spell: Anguish
  4375 | D:5      | Found Narurcheu's Elemental Accessories.
  4397 | D:5      | Reached skill level 1 in Short Blades
  4664 | D:5      | Reached skill level 1 in Fighting
  4664 | D:5      | Reached skill level 1 in Hexes
  4971 | D:5      | Reached XP level 8. HP: 54/54 MP: 16/16
  5179 | D:6      | Reached skill level 8 in Necromancy
  5387 | D:6      | Noticed a two-headed ogre
  5397 | D:6      | Killed a two-headed ogre
  5398 | D:6      | Reached skill level 9 in Necromancy
  5398 | D:6      | Gained mutation: You are partially covered in thin metallic
                  | scales. (AC +2) [demonic ancestry]
  5398 | D:6      | Reached XP level 9. HP: 41/61 MP: 11/18
  5444 | D:6      | Noticed Grinder
  5458 | D:6      | Killed Grinder
  5690 | D:6      | Found a staircase to the Ecumenical Temple.
  5705 | Temple   | Entered the Ecumenical Temple
  5752 | Temple   | Became a worshipper of Nemelex Xobeh the Trickster
  6801 | D:7      | Reached * piety under Nemelex Xobeh
  6932 | D:7      | Found Fuah's Jewellery Emporium.
  7066 | D:7      | Received a gift from Nemelex Xobeh
  7317 | D:8      | Reached skill level 10 in Necromancy
  7502 | D:8      | Gained mutation: You are mostly covered in thin metallic
                  | scales. (AC +3) [demonic ancestry]
  7502 | D:8      | Reached XP level 10. HP: 59/70 MP: 20/20
  7736 | D:8      | Reached skill level 5 in Stealth
  8023 | D:9      | Reached ** piety under Nemelex Xobeh
  8083 | D:9      | Received a gift from Nemelex Xobeh
  8141 | D:9      | Reached skill level 1 in Evocations
  8228 | D:9      | Noticed a two-headed ogre
  8229 | D:9      | Noticed a two-headed ogre
  8244 | D:9      | Killed a two-headed ogre
  8248 | D:9      | Killed a two-headed ogre
  8249 | D:9      | Reached skill level 5 in Short Blades
  8249 | D:9      | Reached skill level 5 in Dodging
  8321 | D:9      | Noticed a red ugly thing
  8322 | D:9      | Noticed a centaur warrior
  8322 | D:9      | Noticed a centaur warrior
  8325 | D:9      | Noticed a centaur warrior
  8327 | D:9      | Noticed a centaur warrior
  8336 | D:9      | Noticed a centaur warrior
  8343 | D:9      | Killed a red ugly thing
  8399 | D:9      | Identified the +4 short sword of Vanity {heavy, Dex+5}
  8519 | D:9      | Found Vuze's Tremendous Tomes.
  8534 | D:9      | Noticed a two-headed ogre
  8547 | D:9      | Killed a two-headed ogre
  8548 | D:9      | Reached skill level 11 in Necromancy
  8775 | D:9      | Killed a centaur warrior
  8776 | D:9      | Reached XP level 11. HP: 53/77 MP: 14/22
  8778 | D:9      | Killed a centaur warrior
  8788 | D:9      | Killed a centaur warrior
  8883 | D:9      | Noticed Gastronok
  8970 | D:9      | Killed Gastronok
  8971 | D:9      | Reached skill level 12 in Necromancy
  9188 | D:9      | Killed a centaur warrior
  9279 | D:9      | Identified the ring of Rosocema {rN+ MP-9 Int+4}
  9279 | D:9      | Identified the staff of air "Mewkink" {+Blink rElec rF+
                  | Will+ Dex+2}
  9342 | D:10     | Entered Level 10 of the Dungeon
  9479 | D:10     | Found an ornate altar of the Wu Jian Council.
  9479 | D:10     | Noticed a seven-headed hydra
 10008 | D:10     | Found a staircase to the Orcish Mines.
 10123 | D:10     | Received a gift from Nemelex Xobeh
 10490 | D:11     | Reached *** piety under Nemelex Xobeh
 10526 | D:11     | Found a staircase to the Lair.
 10618 | D:11     | Received a gift from Nemelex Xobeh
 10672 | D:11     | Noticed a centaur warrior
 10686 | D:11     | Killed a centaur warrior
 10773 | D:11     | Reached skill level 13 in Necromancy
 10773 | D:11     | Gained mutation: You have very sharp fingernails. [demonic
                  | ancestry]
 10773 | D:11     | Reached XP level 12. HP: 51/85 MP: 20/24
 10777 | D:11     | Reached skill level 5 in Fighting
 10920 | D:11     | Found a runed translucent gate.
 10920 | D:11     | Found a runed translucent gate.
 10920 | D:11     | Found a runed translucent gate.
 11300 | D:11     | Found a runed translucent gate.
 11300 | D:11     | Found a runed translucent gate.
 11305 | D:11     | Found a runed translucent gate.
 11306 | D:11     | Noticed Cris's ghost (journeyman AtFi)
 11316 | D:11     | Gained mutation: You are frail. (-10% HP) [a neqoxec]
 11337 | D:11     | Killed Cris's ghost
 11366 | D:11     | Gained mutation: You sometimes lose your temper in combat.
                  | [mutagenic glow]
 11379 | D:11     | Gained mutation: You are vulnerable to heat. (rF-)
                  | [mutagenic glow]
 11427 | D:11     | Lost mutation: You are frail. (-10% HP) [potion of
                  | mutation]
 11427 | D:11     | Lost mutation: You sometimes lose your temper in combat.
                  | [potion of mutation]
 11427 | D:11     | Gained mutation: You are covered in fur. (AC +1) [potion of
                  | mutation]
 11427 | D:11     | Gained mutation: You have hidden genetic defects. [potion
                  | of mutation]
 11428 | D:11     | Lost mutation: You are vulnerable to heat. (rF-) [potion of
                  | mutation]
 11428 | D:11     | Lost mutation: You are covered in fur. (AC +1) [potion of
                  | mutation]
 11428 | D:11     | Gained mutation: You occasionally shout uncontrollably at
                  | your foes. [potion of mutation]
 11428 | D:11     | Gained mutation: Your mind is acute. (Int +4, Str/Dex -1)
                  | [potion of mutation]
 11428 | D:11     | Gained mutation: You have large cloven feet. [potion of
                  | mutation]
 11429 | D:11     | Lost mutation: Your mind is acute. (Int +4, Str/Dex -1)
                  | [potion of mutation]
 11429 | D:11     | Lost mutation: You have large cloven feet. [potion of
                  | mutation]
 11429 | D:11     | Lost mutation: You occasionally shout uncontrollably at
                  | your foes. [potion of mutation]
 11429 | D:11     | Gained mutation: You sometimes lose your temper in combat.
                  | [potion of mutation]
 11430 | D:11     | Lost mutation: You have hidden genetic defects. [potion of
                  | mutation]
 11430 | D:11     | Lost mutation: You sometimes lose your temper in combat.
                  | [potion of mutation]
 11430 | D:11     | Gained mutation: You are robust. (+10% HP) [potion of
                  | mutation]
 11430 | D:11     | Gained mutation: You are partially covered in large bone
                  | plates. (SH +4) [potion of mutation]
 11430 | D:11     | Gained mutation: You have hidden genetic potential. [potion
                  | of mutation]
 11491 | Lair:1   | Entered Level 1 of the Lair of Beasts
 11502 | Lair:1   | Reached skill level 1 in Throwing
 11562 | Lair:1   | Reached skill level 1 in Armour
 11562 | Lair:1   | Reached skill level 1 in Invocations
 11595 | Lair:1   | Received a gift from Nemelex Xobeh
 11901 | Lair:1   | Found the +8 mithril axe "Arga" {speed, Will+}
 11918 | Lair:1   | Reached **** piety under Nemelex Xobeh
 11918 | Lair:1   | Received a gift from Nemelex Xobeh
 12120 | Lair:1   | Identified the +0 ring mail "Usuxtat" {rPois Str+4 Dex+4
                  | Slay-6}
 12346 | Lair:2   | Noticed a four-headed hydra
 12360 | Lair:2   | Killed a four-headed hydra
 12365 | Lair:2   | Reached skill level 1 in Staves
 12488 | Lair:2   | Found a staircase to the Swamp.
 12704 | Lair:2   | Reached skill level 1 in Axes
 12704 | Lair:2   | Reached skill level 1 in Shields
 12766 | Lair:2   | Noticed an eight-headed hydra
 12776 | Lair:2   | Killed an eight-headed hydra
 12779 | Lair:2   | Received a gift from Nemelex Xobeh
 12847 | Lair:2   | Reached XP level 13. HP: 80/102 MP: 26/26
 13305 | Lair:3   | Reached ***** piety under Nemelex Xobeh
 13457 | Lair:3   | Found a hole to the Spider Nest.
 13633 | Lair:3   | Received a gift from Nemelex Xobeh
 13652 | Lair:3   | Gained mutation: You expend magic power (3 MP) to
                  | strengthen your wands. [hidden potential]
 13954 | Lair:3   | Identified the staff of earth "Ekhow" {rPois MP+9}
 14615 | Lair:4   | Received a gift from Nemelex Xobeh
 14857 | Lair:4   | Learned a level 3 spell: Confusing Touch
 14862 | Lair:4   | Learned a level 4 spell: Dispel Undead
 15242 | Lair:5   | Entered Level 5 of the Lair of Beasts
 15296 | Lair:5   | Found a viscous altar of Jiyva.
 15296 | Lair:5   | Found a staircase to the Slime Pits.
 15395 | Lair:5   | Reached skill level 14 in Necromancy
 15411 | Lair:5   | Reached skill level 5 in Invocations
 15419 | Lair:5   | Found a gate leading to a gauntlet.
 15434 | Gauntlet | Entered a Gauntlet
 15434 | Gauntlet | Found a transporter.
 15443 | Gauntlet | Found a transporter.
 15463 | Gauntlet | Found a transporter.
 15463 | Gauntlet | Found a transporter.
 15483 | Gauntlet | Found a transporter.
 15496 | Gauntlet | Found a transporter.
 15501 | Gauntlet | Found a transporter.
 15505 | Gauntlet | Found a transporter.
 15507 | Gauntlet | Received a gift from Nemelex Xobeh
 15536 | Gauntlet | Found a transporter.
 15546 | Gauntlet | Noticed a blizzard demon
 15553 | Gauntlet | Found a transporter.
 15557 | Gauntlet | Found a transporter.
 15565 | Gauntlet | Found a transporter.
 15960 | Gauntlet | Identified the ring of Traps {Fire rElec Int+2}
 15963 | Gauntlet | Identified the +0 pair of boots "Gironom" {rN+ Int+4}
 15985 | Gauntlet | Noticed a minotaur
 15992 | Gauntlet | a minotaur changed into a great orb of eyes
 16014 | Gauntlet | Got the Reference Book on Twinkling Phlogiston
 16546 | Lair:5   | Reached skill level 10 in Stealth
 16576 | Lair:5   | Received a gift from Nemelex Xobeh
 16724 | Lair:5   | Gained mutation: You are completely covered in thin
                  | metallic scales. (AC +4, rElec) [demonic ancestry]
 16724 | Lair:5   | Reached XP level 14. HP: 59/110 MP: 27/27
 16872 | Lair:5   | Found the +3 crown of Dyrovepreva {rElec Int+2 SInv}
 16970 | Lair:5   | Learned a level 6 spell: Death Channel
 17119 | Lair:5   | Reached skill level 5 in Axes
 17340 | Lair:5   | a dire elephant changed into a storm dragon
 17340 | Lair:5   | Noticed a storm dragon
 17366 | Lair:5   | Gained mutation: Your mind is acute. (Int +4, Str/Dex -1)
                  | [hidden potential]
 17366 | Lair:5   | Lost mutation: You have hidden genetic potential. [hidden
                  | potential expressed]
 17446 | Lair:5   | Killed a storm dragon
 17447 | Lair:5   | Reached skill level 5 in Evocations
 18115 | D:12     | Found Mairchimm's Weapon Emporium.
 18228 | D:12     | Received a gift from Nemelex Xobeh
 18414 | D:12     | Found a portal to a secret trove of treasure.
 18573 | Orc:1    | Entered Level 1 of the Orcish Mines
 18671 | Orc:1    | You fall into a shaft and drop 1 floor!
 18671 | Orc:2    | Entered Level 2 of the Orcish Mines
 18671 | Orc:2    | Noticed Sonja
 18673 | Orc:2    | Killed Sonja
 18706 | Orc:2    | Found a frozen archway.
 18711 | Orc:2    | Your ally Sonja died
 18735 | IceCv    | Entered an ice cave
 19076 | IceCv    | Received a gift from Nemelex Xobeh
 19420 | IceCv    | Found an ancient bone altar of Kikubaaqudgha.
 19433 | IceCv    | Reached skill level 5 in Throwing
 19446 | IceCv    | Found the +2 Maxwell's thermic engine {flame, freeze, rev}
 19628 | IceCv    | Got the Vellum of Algor
 19790 | Orc:2    | Reached skill level 5 in Hexes
 19811 | Orc:2    | Noticed Urug
 19821 | Orc:2    | Killed Urug
 19994 | Orc:2    | Your ally Urug died
 20221 | Orc:1    | Received a gift from Nemelex Xobeh
 20221 | Orc:1    | Found a runed translucent gate.
 20221 | Orc:1    | Found a runed translucent gate.
 20221 | Orc:1    | Found a runed translucent gate.
 20223 | Orc:1    | Found an opulent altar of Gozag.
 20229 | Orc:1    | Noticed discopopstar's ghost (journeyman DsIE)
 20240 | Orc:1    | Mutation became permanent: You are robust. (+10% HP)
                  | [demonic ancestry]
 20240 | Orc:1    | Gained mutation: You are robust. (+10% HP) [demonic
                  | ancestry]
 20240 | Orc:1    | Reached XP level 15. HP: 79/117 MP: 28/28
 20247 | Orc:1    | Killed discopopstar's ghost
 20872 | Orc:2    | Found a staircase to the Elven Halls.
 20929 | Orc:2    | Reached skill level 5 in Armour
 20980 | Orc:2    | Identified the -1 quarterstaff of Rynuifal {protect, rPois
                  | Dex+2}
 20981 | Orc:2    | Found Momocru's Jewellery Shoppe.
 20981 | Orc:2    | Found Feicok Ypuo's Assorted Antiques.
 21002 | Orc:2    | Found Yrhurgh's Magic Scroll Shoppe.
 21002 | Orc:2    | Found Osseuxt's Weapon Shop.
 21012 | Orc:2    | Bought a scroll of summoning for 123 gold pieces
 21012 | Orc:2    | Bought a scroll of fear for 52 gold pieces
 21015 | Orc:2    | Bought a scroll of fear for 136 gold pieces
 21015 | Orc:2    | Bought a pair of jewelled gloves for 323 gold pieces
 21015 | Orc:2    | Identified the +0 pair of gloves of Reasonable Awe {Fly
                  | Str+4 Dex+3} (You bought it in a shop on level 2 of the
                  | Orcish Mines)
 21015 | Orc:2    | Bought a potion of magic for 272 gold pieces
 21015 | Orc:2    | Bought a scorched leather armour for 238 gold pieces
 21015 | Orc:2    | Identified the +3 leather armour of Grace {Str+5} (You
                  | bought it in a shop on level 2 of the Orcish Mines)
 21554 | D:13     | Reached skill level 15 in Necromancy
 21611 | D:13     | Found a runed translucent gate.
 21612 | D:13     | Found a runed translucent gate.
 21612 | D:13     | Found a runed translucent gate.
 21614 | D:13     | Noticed Zafagom's ghost (journeyman MiBe)
 21949 | D:13     | Found a gate to the Vaults.
 22336 | D:13     | Killed Zafagom's ghost
 22342 | D:13     | Identified the +7 broad axe of Gallantry {vamp, Drain
                  | +Blink Dex+2}
 22426 | D:14     | Reached ****** piety under Nemelex Xobeh
 22426 | D:14     | Received a gift from Nemelex Xobeh
 22450 | D:14     | Identified the +5 quarterstaff of Tohemor {freeze, rCorr}
 22918 | D:14     | Noticed Snorg
 22927 | D:14     | Killed Snorg
 23604 | D:15     | Entered Level 15 of the Dungeon
 23753 | D:15     | Received a gift from Nemelex Xobeh
 23823 | D:15     | Found a runed translucent door.
 23825 | D:15     | Found a runed translucent door.
 24032 | D:15     | Reached skill level 5 in Shields
 24104 | D:15     | Found a sparkling altar of Nemelex Xobeh.
 24141 | D:15     | Noticed Roxanne
 24158 | D:15     | Killed Roxanne
 24212 | D:15     | Noticed Lyniq's ghost (journeyman DrTm)
 24214 | D:15     | Noticed a lich
 24217 | D:15     | Received a gift from Nemelex Xobeh
 24259 | D:15     | Gained mutation: You have claws for hands. [demonic
                  | ancestry]
 24259 | D:15     | Reached XP level 16. HP: 126/126 MP: 29/29
 24275 | D:15     | Found a staircase to the Depths.
 24591 | D:15     | Killed a lich
 24615 | D:15     | Killed Lyniq's ghost
 24933 | Swamp:1  | Entered Level 1 of the Swamp
 25341 | Swamp:1  | Identified the ring "Foem" {rPois rCorr Str+4 Dex+2}
 25928 | Swamp:2  | Reached skill level 16 in Necromancy
 25985 | Swamp:2  | Received a gift from Nemelex Xobeh
 26379 | Swamp:3  | Received a gift from Nemelex Xobeh
 26388 | Swamp:3  | Reached skill level 10 in Invocations
 26532 | Swamp:3  | Noticed Bai Suzhen
 26556 | Swamp:3  | Killed Bai Suzhen
 26557 | Swamp:3  | Reached skill level 10 in Axes
 26877 | Swamp:3  | Received a gift from Nemelex Xobeh
 27323 | Swamp:4  | Entered Level 4 of the Swamp
 27326 | Swamp:4  | Noticed a tentacled monstrosity
 27545 | Swamp:4  | Noticed a thorn hunter
 27547 | Swamp:4  | Paralysed by a floating eye for 4 turns
 27729 | Swamp:4  | Gained mutation: You are very robust. (+20% HP) [demonic
                  | ancestry]
 27729 | Swamp:4  | Reached XP level 17. HP: 124/146 MP: 30/30
 27775 | Swamp:4  | Received a gift from Nemelex Xobeh
 27863 | Swamp:4  | Killed a tentacled monstrosity
 28106 | Swamp:4  | Got a decaying rune of Zot
 28142 | Swamp:4  | Identified the ring "Gisuc" {Fly rN+}
 28467 | D:7      | Bought the amulet "Ytzi" {RegenMP +Blink Regen+ Int-5
                  | Dex+3} for 597 gold pieces
 28478 | D:7      | Learned a level 5 spell: Borgnjor's Vile Clutch
 28707 | Spider:1 | Entered Level 1 of the Spider Nest
 29299 | Spider:1 | Reached skill level 1 in Earth Magic
 29558 | Spider:1 | Received a gift from Nemelex Xobeh
 29561 | Spider:1 | Noticed Donald
 29576 | Spider:1 | Killed Donald
 29889 | Spider:2 | Noticed Azrael
 29893 | Spider:2 | Azrael changed into Azrael the rakshasa
 29893 | Spider:2 | Noticed Azrael
 29895 | Spider:2 | Azrael the rakshasa changed into Azrael the efreet
 29895 | Spider:2 | Noticed Azrael
 29900 | Spider:2 | Killed Azrael the efreet
 29935 | Spider:2 | Reached skill level 17 in Necromancy
 30001 | Spider:2 | Received a gift from Nemelex Xobeh
 30192 | Spider:2 | Noticed Louise
 30204 | Spider:2 | Killed Louise
 30530 | Spider:2 | Found a runed translucent gate.
 30530 | Spider:2 | Found a runed translucent gate.
 30530 | Spider:2 | Found a runed translucent gate.
 30538 | Spider:2 | Noticed Nebesus's ghost (adept AtFi)
 30685 | Spider:2 | Killed Nebesus's ghost
 30710 | Spider:2 | Identified the +1 cloak of Daffodils {rElec rF++}
 31368 | Spider:3 | Reached XP level 18. HP: 105/157 MP: 31/31
 31615 | Spider:3 | Received a gift from Nemelex Xobeh
 31733 | Spider:3 | Received a gift from Nemelex Xobeh
 31765 | Spider:3 | Got Sif Muna's Octavo of Malediction
 31781 | Spider:3 | Got Etaled's Atlas of Heat and Lamentation
 32161 | Spider:4 | Entered Level 4 of the Spider Nest
 32248 | Spider:4 | Received a gift from Nemelex Xobeh
 32392 | Spider:4 | Received a gift from Nemelex Xobeh
 32734 | Spider:4 | Received a gift from Nemelex Xobeh
 33138 | Spider:4 | Got a gossamer rune of Zot
 33661 | Elf:1    | Entered Level 1 of the Elven Halls
 34152 | Elf:1    | Gained mutation: Your demonic aura often causes spilled
                  | blood to erupt in flames. [demonic ancestry]
 34152 | Elf:1    | Reached XP level 19. HP: 139/165 MP: 32/32
 34383 | Elf:1    | Received a gift from Nemelex Xobeh
 34512 | Elf:1    | Got the Compilation of the Volley and the Congregation
 34577 | Elf:1    | Paralysed by an air elemental for 1 turns
 34583 | Elf:1    | Reached skill level 5 in Earth Magic
 34845 | Elf:2    | Reached skill level 18 in Necromancy
 34955 | Elf:2    | Found a radiant altar of Vehumet.
 35109 | Elf:2    | Found a huge runed translucent gate.
 35109 | Elf:2    | Found a huge runed translucent gate.
 35109 | Elf:2    | Found a huge runed translucent gate.
 35109 | Elf:2    | Found a huge runed translucent gate.
 35109 | Elf:2    | Found a huge runed translucent gate.
 35111 | Elf:2    | Reached skill level 10 in Armour
 35215 | Elf:2    | Found a radiant altar of Vehumet.
 36077 | Elf:2    | Received a gift from Nemelex Xobeh
 36593 | Elf:3    | Entered Level 3 of the Elven Halls
 36791 | Elf:3    | Received a gift from Nemelex Xobeh
 37197 | Elf:3    | Reached skill level 10 in Fighting
 37281 | Elf:3    | Identified the +7 sling "Efaetz" {antimagic, Will+++ Str+5
                  | Dex-4}
 37294 | Elf:3    | Got the Book of Exhalation
 37295 | Elf:3    | Identified the +2 leather armour of Calculation {+Blink
                  | Regen+}
 37332 | Elf:3    | Identified the +9 rapier "Fican" {heavy, Dex+4 SInv Stlth+}
 37418 | Elf:3    | Identified the ring of Ramudde {rPois Will+}
 37495 | Elf:3    | Reached skill level 10 in Dodging
 37507 | Elf:3    | Identified the staff of cold "Cioqeon" {rC+ Str+4 Int+3}
 37632 | Elf:3    | Found the +0 mask of the Dragon {Will+ Slay+3 SInv}
 37640 | Elf:3    | Got the Vademecum on Terra Firma
 37645 | Elf:3    | Got the Enchiridion on Viridian Bolts
 37648 | Elf:3    | Got the Discourse on Poisonous Conduction
 37650 | Elf:3    | Identified the staff of fire "Opamab" {rF+ MP-9 Dex+6}
 37653 | Elf:3    | Identified the staff of death "Hoceur" {rN+ Int+3}
 37769 | Elf:3    | Reached skill level 10 in Shields
 38120 | Vaults:1 | Entered Level 1 of the Vaults
 38126 | Vaults:1 | Received a gift from Nemelex Xobeh
 38210 | Vaults:1 | Reached XP level 20. HP: 175/176 MP: 33/33
 38373 | Vaults:1 | Found Aditoty's Magic Scroll Boutique.
 38414 | Vaults:1 | Bought a scroll of blinking for 105 gold pieces
 38514 | Vaults:1 | Received a gift from Nemelex Xobeh
 39117 | Vaults:1 | Reached skill level 19 in Necromancy
 39310 | Vaults:1 | Received a gift from Nemelex Xobeh
 39926 | Vaults:2 | Received a gift from Nemelex Xobeh
 40065 | Vaults:2 | Found a staircase to the Crypt.
 41028 | Vaults:3 | Received a gift from Nemelex Xobeh
 41419 | Vaults:3 | Reached XP level 21. HP: 186/186 MP: 34/34
 41703 | Vaults:3 | Noticed an ancient lich
 41716 | Vaults:3 | Killed an ancient lich
 41723 | Vaults:3 | Reached skill level 15 in Axes
 42093 | Vaults:3 | Received a gift from Nemelex Xobeh
 42666 | Vaults:1 | Bought a scroll of summoning for 133 gold pieces
 42666 | Vaults:1 | Bought 3 scrolls of enchant armour for 315 gold pieces
 42666 | Vaults:1 | Bought a scroll of enchant armour for 105 gold pieces
 42788 | Crypt:1  | Entered Level 1 of the Crypt
 43111 | Crypt:1  | Received a gift from Nemelex Xobeh
 43489 | Crypt:1  | Received a gift from Nemelex Xobeh
 43884 | Crypt:2  | Reached skill level 20 in Necromancy
 43978 | Crypt:2  | Received a gift from Nemelex Xobeh
 44530 | Crypt:2  | Received a gift from Nemelex Xobeh
 45058 | Crypt:3  | Entered Level 3 of the Crypt
 45075 | Crypt:3  | Noticed Frederick
 45085 | Crypt:3  | Killed Frederick
 45101 | Crypt:3  | Noticed Boris
 45111 | Crypt:3  | Killed Boris
 45343 | Crypt:3  | Your ally Frederick died
 45558 | Crypt:3  | Received a gift from Nemelex Xobeh
 45654 | Crypt:3  | Reached XP level 22. HP: 189/193 MP: 35/35
 45699 | Crypt:3  | Reached skill level 21 in Necromancy
 45967 | Crypt:3  | Identified the amulet of Discretion {Reflect +Inv Dex-3
                  | SH+5 SInv}
 45977 | Crypt:3  | Identified the +3 chain mail of Ucvaifor {Drain rPois
                  | Regen+}
 45994 | Crypt:3  | Noticed Saint Roka
 46013 | Crypt:3  | Killed Saint Roka
 46036 | Crypt:3  | Identified the staff of poison "Neekesopt" {+Blink rPois
                  | rN+ Str+5 Dex-3 SInv}
 46047 | Crypt:3  | Identified the +3 mace of Nemelex Xobeh {venom, rElec rN+
                  | Will- Str+2}
 46054 | Crypt:3  | Got the Volume of Cadavers
 46326 | Crypt:3  | Found a staircase to the Tomb.
 46952 | Vaults:4 | Received a gift from Nemelex Xobeh
 47247 | Vaults:4 | Received a gift from Nemelex Xobeh
 47581 | Vaults:4 | Identified the +1 robe of Noughts and Crosses {Archmagi}
 47585 | Vaults:4 | Received a gift from Nemelex Xobeh
 48518 | Depths:1 | Entered Level 1 of the Depths
 48610 | Depths:1 | Noticed Boris
 48628 | Depths:1 | Killed Boris
 48647 | Depths:1 | Received a gift from Nemelex Xobeh
 49023 | Depths:1 | Found a runed translucent door.
 49213 | Depths:1 | Found a gateway to Hell.
 49549 | Depths:2 | Noticed a caustic shrike
 49567 | Depths:2 | Noticed a golden dragon
 49605 | Depths:2 | Killed a caustic shrike
 49627 | Depths:2 | Killed a golden dragon
 49720 | Depths:2 | Noticed a juggernaut
 49732 | Depths:2 | Noticed a caustic shrike
 49751 | Depths:2 | Killed a juggernaut
 49770 | Depths:2 | Killed a caustic shrike
 49798 | Depths:2 | Identified the +2 scale mail of Grace {Regen+ Dex-5 SInv}
 49800 | Depths:2 | Gained mutation: Your demonic aura causes all spilled blood
                  | to erupt in flames. [demonic ancestry]
 49800 | Depths:2 | Reached XP level 23. HP: 160/203 MP: 36/36
 49897 | Depths:2 | Identified the +5 mace "Uxij Mou" {venom, Str+6}
 50129 | Depths:2 | Noticed a caustic shrike
 50144 | Depths:2 | Killed a caustic shrike
 50205 | Depths:2 | Noticed Vv
 50255 | Depths:2 | Killed from afar by Vv

Illustrated notes

Levels and vault maps discovered:
D:1:      ldierk_walled_garden, layout_loops_ring, minmay_misc_feat_doors,
          minmay_cupped
D:2:      layout_loops_cross, minmay_misc_feat_iff,
          minmay_misc_feat_four_crosses, minmay_pentomino_p2
D:3:      layout_rooms
D:4:      layout_basic, mainiacjoe_overflow_paths
D:5:      layout_loops_corners, nicolae_elemental_shop, grunt_ministairs_7,
          nicolae_shop_overcharged_wands, uniq_prince_ribbit1
D:6:      layout_cave_pools, minmay_temple_entry_antechambers,
          serial_bayou_lagoon_a, uniq_grinder
D:7:      layout_gridville, serial_shops, shop
D:8:      layout_loops_ring, st_stairs_6, minmay_unpleasant_kobolds
D:9:      minmay_the_grid_triangle_9x9_rhombus_thin_mashed
          [minmay_the_grid_triangle_9x9_swiss_cheese,
          minmay_the_grid_triangle_9x9_prize_top_heavy,
          minmay_the_grid_triangle_9x9_pentomino_pain,
          minmay_the_grid_triangle_9x9_sparse_checkered], layout_gridville,
          nicolae_shop_i_like_big_books, uniq_gastronok
D:10:     layout_basic, nicolae_overflow_hidden_temple, david_orc_4,
          minmay_ruined_shrine
D:11:     layout_irregular_city, lair_entry_dummy,
          ploomutoo_gammafunk_ghost_potion_laboratory
D:12:     layout_cave_pools, serial_shops, nicolae_shop_rolling_square,
          enter_trove_5
D:13:     layout_roguey, grunt_vaults_entry_tiered, gammafunk_ghost_hydra_chop
D:14:     layout_roguey, serial_undead, serial_undead_e, serial_undead_e,
          serial_undead_e, serial_undead_d, infiniplex_staircase_river,
          minmay_misc_feat_diagonals, uniq_snorg
D:15:     gammafunk_enter_depths_forms, layout_irregular_city,
          muffindrake_ghost_dual_entry, nemelex_spade_bored_becter, uniq_roxanne
Temple:   compressed_dpeg_triangle_lava_temple
Lair:1:   layout_gridlike
Lair:2:   layout_regular_city, swamp_mist_pool, serial_bayou_shore_b,
          serial_bayou_shore_b, grunt_megastairs_4, lemuel_fruit_fields
Lair:3:   layout_concentric_octagons, spider_nest_entry_funnel_web,
          beast_lair_carwin_9, lemuel_fruit_fields
Lair:4:   layout_cave_pods
Lair:5:   due_jungle_book, layout_misc_corridors, minmay_slime_entry_pillars,
          gauntlet_entry_generic
Swamp:1:  layout_falls_marsh, serial_swamp_ruin, hangedman_swamp_ruin_wall,
          evilmike_swamp_ruin_house_4, swamp_pool1
Swamp:2:  layout_falls_marsh, evilmike_swamp_ruin_house_5
Swamp:3:  layout_basic_swamp, nicolae_swamp_trees_clearing, swamp_pool3,
          infiniplex_staircase_pool_2, uniq_bai_suzhen
Swamp:4:  swamp_basic_johnstein, layout_basic_swamp, infiniplex_staircase_pool
Spider:1: layout_spider_delve, nicolae_crawler_farm, uniq_donald
Spider:2: nicolae_spider_jumping_over_cracks [nicolae_spider_jumping_sub_lanes,
          nicolae_spider_jumping_sub_shuffled, nicolae_spider_jumping_sub_plain,
          nicolae_spider_jumping_sub_shuffled], gammafunk_ghost_tricky_traps,
          uniq_louise, uniq_azrael
Spider:3: layout_spider_delve, drop_trap, worms_lemuel,
          hangedman_spider_tarantella_strand
Spider:4: grunt_spider_rune_island, beargit_elvish_explorers
Orc:1:    lemuel_ogre_cave, layout_caves, ebering_ghost_gozag
Orc:2:    grunt_orc_tribal_feast, layout_diamond_mine,
          portal_ice_cave_entry_ice_simulacra, uniq_urug, uniq_sonja
Elf:1:    eino_elf_arrival_sip, layout_rooms, minmay_elf_sorcery,
          lemuel_flamethrower_1
Elf:2:    elven_hall_of_blades_hangedman_alternative
          [nicolae_blade_entry_area_security], layout_geoelf_grid,
          hangedman_feature_mirror
Elf:3:    minmay_elf_hall_spiked, layout_loops_ring, grunt_megastairs_3
Vaults:1: vaults_room_stairs_pillars, nicolae_vaults_back_hallway,
          vaults_mumra_minichess_inversion, v_misc_24, nicolae_vaults_six-pack,
          hangedman_vaults_unwind, hangedman_vaults_corner_blocks, v_misc_28,
          v_alt_pattern_4, nicolae_vaults_two_Ls,
          nicolae_vaults_network_periphery, ontoclasm_vaults_pinch,
          nicolae_vaults_ring_of_whatevers, nicolae_vaults_house_3,
          nicolae_vaults_double_plus_1, layout_vaults_maze_bifur, serial_shops,
          nicolae_shop_stone
Vaults:2: vaults_room_guarded_vault, v_misc_3,
          nicolae_vaults_offset_grid_hallway_4,
          minmay_crypt_entry_nasty_monster, vaults_mumra_minichess,
          nicolae_vaults_house_1, nicolae_vaults_border_crossing,
          vaults_room_semicircle, nicolae_vaults_tetromino_Z_1,
          nicolae_vaults_two_Ls, layout_vaults_omnigrid
Vaults:3: vaults_room_boxed, v_misc_8, hangedman_vaults_corner_blocks,
          v_misc_30, vaults_room_hallway, dpeg_vaults_hating_casters,
          nicolae_vaults_network_square, hangedman_vaults_maws,
          nicolae_vaults_little_squares_4, nicolae_vaults_tetromino_T_2,
          serial_ice_b, vaults_mumra_hex, nicolae_vaults_little_squares_4,
          v_pattern_1, layout_vaults_big_cross
Vaults:4: nicolae_vaults_trapezoid_2, vaults_room_fours, v_misc_13,
          nicolae_vaults_steering_wheel, nicolae_vaults_trapezoid_lopsided_4,
          nicolae_vaults_closet_pinwheel_1, grunt_vaults_diagonal,
          nicolae_vaults_windows_and_doors_thing, ontoclasm_vaults_ligature,
          layout_vaults_chaotic_city
Crypt:1:  layout_gridlike, grunt_ministairs_15
Crypt:2:  layout_gridlike, small_statue_intersection, grunt_megastairs_5
Crypt:3:  david_glass_crypt, layout_misc_corridors, tomb_entry_shell_bobbens,
          corexii_hall_statues_l, minmay_misc_feat_hallway,
          lemuel_dead_fish_pool, uniq_boris, uniq_frederick, uniq_saint_roka
Depths:1: layout_roguey, hell_entry, wad_floor_pattern_untrapped,
          hangedman_aerie_drop
Depths:2: grunt_crosshair, layout_gridlike, vehumet_crystals, pan_entry,
          abyss_entry, hellmouth_1, uniq_vv

Skill      XL: |  1  2  3  4  5  6  7  8  9 10 11 12 13 14 15 16 17 18 19 20 21 22 |
---------------+-------------------------------------------------------------------+-----
Necromancy     | 5 6 7 9 10 11 13 14 15 16 17 18 19 20 21 | 21.9
Spellcasting   | 3 4 5 6 7 8 9 |  9.1
Dodging        | 2 3 4 5 6 7 8 9 10 | 10.9
Stealth        | 2 4 7 9 10 11 13 14 | 14.3
Short Blades   | 1 2 4 5 6 |  6.9
Fighting       | 1 3 4 5 6 7 8 9 10 11 12 | 12.2
Hexes          | 1 3 4 5 6 8 |  8.0
Evocations     | 1 2 3 4 5 |  5.7
Throwing       | 2 4 5 |  5.0
Armour         | 2 3 4 6 7 8 9 10 11 12 13 | 13.4
Invocations    | 3 5 7 9 10 | 10.6
Staves         | 1 3 4 |  4.5
Axes           | 1 4 6 8 10 11 12 13 14 15 16 | 16.6
Shields        | 1 3 4 5 6 8 10 11 12 14 | 14.3
Earth Magic    | 3 4 6 |  6.0

Action                     |  1- 3 |  4- 6 |  7- 9 | 10-12 | 13-15 | 16-18 | 19-21 | 22-24 || total
---------------------------+-------+-------+-------+-------+-------+-------+-------+-------++-------
  Melee: Unarmed           |     7 |     3 |       |       |       |       |       |       ||    10
         Dagger            |       |    45 |   209 |   276 |       |       |       |       ||   530
         Punch             |       |       |     4 |     9 |    12 |       |       |       ||    25
         Staff             |       |       |       |    76 |       |       |       |       ||    76
         Broad axe         |       |       |       |       |   897 |  1124 |  1285 |   680 ||  3986
  Throw: Dart              |       |       |       |     5 |     2 |       |       |       ||     7
   Cast: Necrotise         |    83 |    46 |     9 |     3 |     2 |       |       |       ||   143
         Vampiric Draining |       |     6 |     9 |    18 |    23 |    45 |    30 |    11 ||   142
         Animate Dead      |       |       |     3 |    12 |    20 |    25 |    18 |    10 ||    88
         Anguish           |       |       |       |    11 |       |       |     1 |     3 ||    15
         Dispel Undead     |       |       |       |       |    31 |    13 |   144 |    27 ||   215
         Death Channel     |       |       |       |       |       |     3 |     2 |       ||     5
         Borgnjor's Vile C |       |       |       |       |       |     1 |       |     3 ||     4
 Invoke: Draw Destruction  |       |       |       |     4 |    19 |    44 |    26 |    22 ||   115
         Draw Summoning    |       |       |       |     6 |     9 |    13 |     8 |     7 ||    43
         Draw Escape       |       |       |       |     3 |     1 |     5 |     1 |     4 ||    14
         Draw Stack        |       |       |       |       |     5 |     5 |     5 |    10 ||    25
         Stack Five        |       |       |       |       |     1 |     1 |     2 |     1 ||     5
         Deal Four         |       |       |       |       |     1 |       |       |       ||     1
  Evoke: Wand              |       |       |     5 |     6 |     9 |     6 |     3 |     1 ||    30
    Use: Scroll            |       |    14 |     5 |    13 |     3 |    15 |    12 |     2 ||    64
         Potion            |       |     2 |       |    12 |     4 |     7 |     2 |     1 ||    28
   Stab: Sleeping          |       |       |     6 |    10 |    29 |    16 |    27 |    10 ||    98
         Distracted        |       |       |     1 |     5 |    11 |    24 |    17 |     9 ||    67
         Confused          |       |       |       |       |       |     4 |       |       ||     4
 Armour: Robe              |     5 |    18 |    52 |   162 |    40 |       |       |       ||   277
         Quicksilver drago |       |       |       |       |   284 |   551 |   182 |       ||  1017
         Ice dragon scales |       |       |       |       |     8 |       |   112 |   196 ||   316
  Dodge: Dodged            |     8 |    35 |    96 |   321 |   470 |   673 |   366 |   143 ||  2112
         Repelled          |       |       |       |     3 |     3 |     6 |       |       ||    12
  Block: Other             |       |       |       |    34 |    54 |       |       |       ||    88
         Buckler           |       |       |       |       |   237 |   778 |       |       ||  1015
         Kite shield       |       |       |       |       |       |   165 |  1093 |   574 ||  1832
         Reflection        |       |       |       |       |       |    28 |    62 |    12 ||   102
